 Dungeon Crawl Stone Soup version 0.29.1-13-g9f3cf754e1 (webtiles) character file.

Game seed: 8621428191424514848

1699 Thatpatchoflichen the Trooper (level 9, -7/96 HPs)
             Began as an Ogre Monk on Jan 26, 2023.
             Mangled by Menkaure (17 damage)
             ... on level 6 of the Dungeon.
             The game lasted 00:15:51 (8534 turns).

Thatpatchoflichen the Trooper (Ogre Monk)           Turns: 8534, Time: 00:15:51

Health: -7/96      AC:  3    Str: 21    XL:     9   Next: 3%
Magic:  9/9        EV: 12    Int: 17    God:
Gold:   297        SH:  5    Dex: 11    Spells: 8/8 levels left

rFire   . . .      SeeInvis .   c - +0 giant club
rCold   . . .      Faith    .   (shield currently unavailable)
rNeg    + . .      Spirit   .   b - +0 robe
rPois   .          Reflect  +   k - +0 hat
rElec   +          Harm     .   (no cloak)
rCorr   +          Rampage  .   (gloves unavailable)
Will    .....                   (boots unavailable)
Stlth   ++........              u - amulet of reflection
HPRegen 0.26/turn               A - ring of Egalitarianism {rElec rN+ rCorr Int+6}
MPRegen 0.11/turn               (no ring)

@: no status effects
A: large, unfitting armour, tough skin 1
a: no special abilities


You were on level 6 of the Dungeon.
You visited 2 branches of the dungeon, and saw 8 of its levels.

You collected 297 gold pieces.

Inventory:

Hand Weapons
 a - a +0 mace
 c - a +0 giant club (weapon)
Missiles
 s - 12 boomerangs (quivered)
 t - 10 poisoned darts
 x - 5 javelins
Armour
 b - a +0 robe (worn)
 k - a +0 hat (worn)
 o - an orb of light
Jewellery
 u - an amulet of reflection (around neck)
 A - the ring of Egalitarianism (left hand) {rElec rN+ rCorr Int+6}
   (You took it off a kobold on level 6 of the Dungeon)

   [ring of intelligence]

   Int:       It affects your intelligence (+6).
   rElec:     It insulates you from electricity.
   rN:        It protects you from negative energy.
   rCorr:     It protects you from acid and corrosion.
Scrolls
 d - 3 scrolls of enchant armour {unknown}
 e - 2 scrolls of teleportation {unknown}
 g - 6 scrolls of identify {unknown}
 m - a scroll of blinking {unknown}
 n - 2 scrolls of noise {unknown}
 y - a scroll of silence {unknown}
Potions
 f - 3 potions of mutation {unknown}
 h - 2 potions of curing {unknown}
 i - 2 potions of heal wounds
 j - a potion of degeneration {unknown}
 l - a potion of flight {unknown}
 p - a potion of lignification {unknown}
 q - a potion of berserk rage {unknown}
 r - 2 potions of brilliance {unknown}
 v - a potion of attraction {unknown}
 w - a potion of might
 z - a potion of ambrosia


   Skills:
 + Level 7.9 Fighting
 + Level 6.9 Maces & Flails
 + Level 7.0 Dodging
 - Level 1.4 Stealth


You had 8 spell levels left.
You didn't know any spells.
Your spell library contained the following spells:

 Spells                   Type           Power      Damage    Failure   Level
 Magic Dart               Conj           0%         1d3       24%         1
 Call Imp                 Summ           0%         N/A       34%         2
 Mephitic Cloud           Conj/Pois/Air  0%         N/A       56%         3
 Chain Lightning          Conj/Air       0%         N/A       100%        9
 Fire Storm               Conj/Fire      0%         5d1       100%        9
 Shatter                  Erth           0%         3d5*      100%        9


Dungeon Overview and Level Annotations

Branches:
Dungeon (7/15)             Temple (1/1) D:5

Altars:
Ashenzari
Cheibriados
Elyvilon
Fedhas
Gozag
Hepliaklqana
Makhleb
Nemelex Xobeh
Qazlal
Sif Muna
Uskayaw
Wu Jian
Xom
Yredelemnul
Zin
The Shining One

Shops:
D:2 =   D:4 =   D:5 *

Annotations:
D:3 3 runed translucent doors, bakla's ghost, amateur TrAM
D:6 Menkaure


Innate Abilities, Weirdness & Mutations

You are too large for most types of armour.
You have tough skin. (AC +1)


Message History

The black bear bites you. The black bear claws you. x2
You bludgeon the black bear!!
You kill the black bear!
Your Dodging skill increases to level 7!
You have reached level 9!
Your experience leads to an increase in your attributes!
Your base attributes are Str 18, Int 11, Dex 11.
Increase (S)trength, (I)ntelligence, or (D)exterity?
You feel stronger. x3
A kobold comes into view. It is wielding a +0 dagger.
The kobold shouts!
The kobold hits you with a +0 dagger.
You bludgeon the kobold!!
You kill the kobold!
Things that are here:
a +0 dagger; a kobold corpse
Things that are here:
a +0 dagger; a kobold corpse Menkaure, Prince of Dust comes into view.
Menkaure shouts!
Menkaure gestures wildly while chanting.
Menkaure seems to speed up.
Menkaure calls on the powers of darkness!
Your body is wracked with pain!
Menkaure barely misses you.
You barely miss Menkaure.
Menkaure calls on the powers of darkness!
Your body is wracked with pain!
Menkaure hits you!
* * * LOW HITPOINT WARNING * * *
You closely miss Menkaure. You block Menkaure's attack.
You barely miss Menkaure. Menkaure barely misses you. Menkaure hits you!
* * * LOW HITPOINT WARNING * * *
You feel much better. Menkaure hits you!
* * * LOW HITPOINT WARNING * * *
You barely miss Menkaure.
Menkaure calls on the powers of darkness!
Your body is wracked with pain!
* * * LOW HITPOINT WARNING * * *
You barely miss Menkaure. Menkaure hits you!
You die...

...# ##.# ...# ####
###### ### ......
... ######## #.#
......># #M#
######.#########@#
###.............#
#......###.#.####
#......###.#.####
#..........#....#
###.#.#########.#
#..........##.#
######.######.##.##
.......# #..#.##.<#


You could see Menkaure (fast).

Vanquished Creatures
  Sigmund (D:6)
  Edmund (D:5)
  2 water moccasins
  A black bear (D:6)
  2 ice beasts
  2 ogres
  A centaur (D:5)
  A kobold brigand (D:6)
  A necrophage (D:6)
  2 scorpions (D:4)
  A bullfrog (D:6)
  2 hounds
  An orc priest (D:6)
  An iguana (D:5)
  An orc wizard (D:5)
  13 adders
  An ufetubus (D:6)
  2 dart slugs (D:1)
  10 orcs
  4 bats
  9 endoplasms
  4 giant cockroaches
  6 goblins
  9 hobgoblins
  6 jackals
  3 quokkas
  3 ball pythons
  4 frilled lizards
  17 kobolds
  8 rats
119 creatures vanquished.

Vanquished Creatures (others)
  86 plants
  11 withered plants (D:1)
97 creatures vanquished.

Grand Total: 216 creatures vanquished

Notes
Turn   | Place    | Note
-------+----------+-------------------------------------------
     0 | D:1      | Thatpatchoflichen the Ogre Monk began the quest for the
                  | Orb.
     0 | D:1      | Reached XP level 1. HP: 24/24 MP: 1/1
   314 | D:1      | Reached XP level 2. HP: 32/32 MP: 2/2
   745 | D:1      | You fall into a shaft and drop 1 floor!
   924 | D:1      | Reached XP level 3. HP: 40/40 MP: 3/3
  1326 | D:1      | Found a faded altar of an unknown god.
  1790 | D:2      | Found Tebe's Jewellery Emporium.
  2216 | D:2      | Reached XP level 4. HP: 49/49 MP: 4/4
  2277 | D:3      | Identified the +10 war axe "Concordance" {elec, rPois MP+9
                  | Int+5}
  2317 | D:3      | Reached skill level 5 in Fighting
  2333 | D:3      | Found a runed translucent gate.
  2333 | D:3      | Found a runed translucent gate.
  2333 | D:3      | Found a runed translucent gate.
  2857 | D:3      | Noticed bakla's ghost (amateur TrAM)
  2934 | D:3      | Found a basalt altar of Yredelemnul.
  3133 | D:3      | Found a white marble altar of Elyvilon.
  3357 | D:4      | Reached XP level 5. HP: 57/57 MP: 5/5
  3750 | D:4      | Found Bowep's Jewellery Shop.
  3803 | D:5      | Entered Level 5 of the Dungeon
  3935 | D:4      | Reached XP level 6. HP: 15/67 MP: 6/6
  4318 | D:6      | HP: 3/67 [adder (1)]
  4974 | D:5      | Found Zin's Purification Station.
  4974 | D:5      | Found a glowing silver altar of Zin.
  5013 | D:5      | Reached XP level 7. HP: 66/75 MP: 7/7
  5085 | D:5      | Noticed Edmund
  5085 | D:5      | Noticed Sigmund
  5289 | D:6      | Reached skill level 5 in Dodging
  5321 | D:5      | Found a staircase to the Ecumenical Temple.
  5338 | Temple   | Entered the Ecumenical Temple
  5486 | D:5      | Reached skill level 5 in Maces & Flails
  6012 | D:5      | Reached XP level 8. HP: 80/83 MP: 8/8
  6205 | D:5      | Killed Edmund
  6623 | D:6      | Killed Sigmund
  7107 | D:6      | Identified the ring of Egalitarianism {rElec rN+ rCorr
                  | Int+6}
  8308 | D:6      | Reached XP level 9. HP: 72/96 MP: 9/9
  8526 | D:6      | Noticed Menkaure
  8531 | D:6      | HP: 2/96 [Menkaure (17)]
  8534 | D:6      | Mangled by Menkaure

Illustrated notes

Levels and vault maps discovered:
D:1:      spicycebolla_arrival_risky_transporter, layout_basic,
          shapermc_ecumenical_altar_flowoftime
D:2:      layout_basic, serial_shops, nicolae_shop_trees
D:3:      layout_basic, overflow_temple_1_default, nicolae_elyvilon_temple_path,
          gammafunk_ghost_necromancy, kennysheep_generic_room_12
D:4:      layout_basic, serial_shops, nicolae_shop_behind_doors
D:5:      layout_rooms, zin_purify, minmay_temple_entry_stoned_glass,
          sigmund_edmund_badplayer
D:6:      kennysheep_kobold_camp, layout_basic, serial_glass, glass_columns_b,
          glass_columns_b, item_on_display_a, due_unseen_surprise,
          uniq_menkaure, uniq_grinder
D:7:      layout_cave_pools, mainiacjoe_overflow_concentric_impassable,
          uniq_prince_ribbit1
Temple:   nicolae_temple_ecumenical_triangle

Skill      XL: |  1  2  3  4  5  6  7  8 |
---------------+-------------------------+-----
Maces & Flails | 3 4 5 6 |  6.9
Dodging        | 3 4 6 7 |  7.0
Fighting       | 5 6 7 |  7.9
Stealth        | |  1.4

Action                   |  1- 3 |  4- 6 |  7- 9 || total
-------------------------+-------+-------+-------++-------
Melee: Mace              |   118 |   135 |       ||   253
       Punch             |     1 |       |       ||     1
       Giant club        |       |    13 |   173 ||   186
  Use: Potion            |       |     1 |     2 ||     3
 Stab: Sleeping          |     4 |       |     2 ||     6
Armor: Robe              |    51 |    45 |    30 ||   126
Dodge: Dodged            |    76 |   105 |   106 ||   287
Block: Other             |       |       |    36 ||    36
       Reflection        |       |       |     1 ||     1
